 Dungeon Crawl Stone Soup version 0.21-a0-229-g3587535 (webtiles) character file.

104691 4thArraOfDagon the Sharpshooter (level 16, -21/168 HPs)
             Began as a Halfling Wanderer on Sept 1, 2017.
             Was an Initiate of Gozag.
             Killed from afar by a deep elf annihilator (47 damage)
             ... with an iron shot
             ... on level 3 of the Elven Halls.
             The game lasted 01:45:28 (28132 turns).

4thArraOfDagon the Sharpshooter (HaWn)             Turns: 28132, Time: 01:45:28

Health: -21/168    AC: 31    Str: 17    XL:     16   Next: 93%
Magic:  12/16      EV:  3    Int: 17    God:    Gozag
Gold:   1111       SH:  0    Dex: 19    Spells: 3/15 levels left

rFire    . . .     SeeInvis .   J - +2 eveningstar of Eternal War {flame, rElec Dex+4 Stlth-}
rCold    . . .     Gourm    .   (shield restricted)
rNeg     + + +     Faith    .   (armour currently unavailable)
rPois    +         Spirit   .   (helmet currently unavailable)
rElec    +         Reflect  .   (cloak currently unavailable)
rCorr    .         Harm     .   (gloves currently unavailable)
MR       ++...     NoTele   +   (boots currently unavailable)
Stlth    +.........             p - amulet of magic regeneration
HPRegen  0.38/turn              N - +3 ring of protection
MPRegen  0.40/turn              V - ring of protection from magic

@: mighty, tree-form (expiring), drained
A: mutation resistance 1
a: Potion Petition, Call Merchant, Bribe Branch, Renounce Religion


You were on level 3 of the Elven Halls.
You worshipped Gozag.
Gozag was most pleased with you.
You were full.
You were a tree.
You visited 5 branches of the dungeon, and saw 30 of its levels.
You also visited: Labyrinth, Bailey and Volcano.

You collected 10422 gold pieces.
You spent 3305 gold pieces at shops.
You paid 6006 gold pieces to Gozag.

Inventory:

Hand Weapons
 J - the +2 eveningstar of Eternal War (weapon) {flame, rElec Dex+4 Stlth-}
   (You bought it in a shop on level 8 of the Dungeon)

   It has been specially enchanted to burn those struck by it, causing extra
   injury to most foes and up to half again as much damage against particularly
   susceptible opponents.
   It affects your dexterity (+4).
   It insulates you from electricity.
   It makes you less stealthy.
 M - the +6 arbalest of Kerfluffle {freeze, rC+ rN+ Str+3 Int+2}
   (You bought it in a shop on level 8 of the Dungeon)

   It causes projectiles fired from it to freeze those they strike, causing
   extra injury to most foes and up to half again as much damage against
   particularly susceptible opponents.
   They can also slow down cold-blooded creatures.
   It affects your strength (+3).
   It affects your intelligence (+2).
   It protects you from cold.
   It protects you from negative energy.
Missiles
 n - 2 throwing nets
Armour
 f - the +0 robe of the Hot Ocelot {rF+++ MP+9 Str-2 Dex+4}
   (You found it on level 8 of the Dungeon)

   It affects your strength (-2).
   It affects your dexterity (+4).
   It renders you almost immune to fire.
   It affects your magic capacity (+9).
 g - a +8 plate armour of ponderousness (melded)
 l - the +2 helmet of Ru's Reproof {*Corrode +Blink rC+}
   (You found it in a volcano)

   It protects you from cold.
   It lets you blink.
   It may corrode you when you take damage.
 H - the +4 pair of gloves "Docla" (melded) {+Blink rElec}
   (You found it on level 7 of the Dungeon)

   It insulates you from electricity.
   It lets you blink.
 I - the +2 hat of the Bear Spirit (melded) {Spirit, +Rage rN+ MR++}
   (You bought it in a shop on level 1 of the Snake Pit)

   It protects you from negative energy.
   It affects your resistance to hostile enchantments.
   It lets you go berserk.
 S - a +2 cloak of poison resistance (melded)
Magical Staves
 L - an uncursed staff of air
Jewellery
 p - an amulet of magic regeneration (around neck)
 t - an uncursed ring of flight (quivered) {RING OF POWER}
 N - a +3 ring of protection (left branch)
 R - an uncursed ring of fire
 T - an uncursed ring of wizardry
 U - the ring "Xakh" {Ice *Corrode +Fly Str+4}
   (You bought it in a shop on level 11 of the Dungeon)

   [ring of ice]

   It enhances your ice magic.
   It affects your strength (+4).
   It makes you vulnerable to fire.
   It protects you from cold.
   It lets you fly.
   It may corrode you when you take damage.
 V - a ring of protection from magic (right branch)
 W - an uncursed amulet of the gourmand
Wands
 e - a wand of confusion (20/48)
 k - a wand of flame (4/48)
 A - a wand of random effects (2/48)
 F - a wand of iceblast (1/15)
 G - a wand of scattershot (6/9)
 O - a wand of digging (1/24)
 Q - a wand of polymorph (3/24)
 Y - a wand of lightning (5/15)
Scrolls
 a - a scroll of identify
 d - 2 scrolls of fog
 j - 2 scrolls of blinking
 o - 2 scrolls of enchant weapon
 s - 6 scrolls of enchant armour
 z - a scroll of immolation
 C - a scroll of teleportation
 E - 2 scrolls of recharging
 P - 7 scrolls of remove curse
Potions
 c - 2 potions of brilliance
 i - 2 potions of resistance
 m - a potion of cancellation
 q - a potion of mutation
 u - 3 potions of haste
 v - a potion of curing
 w - 2 potions of magic
 D - a potion of flight
 K - a potion of berserk rage
 Z - a potion of ambrosia
Books
 x - the Papyrus of Sinister Secrets
   (You found it on level 1 of the Elven Halls)

   Spells                             Type                      Level
   a - Animate Skeleton               Necromancy                   1
   b - Pain                           Necromancy                   1
   c - Corpse Rot                     Necromancy                   2
   d - Regeneration                   Charms/Necromancy            3
   e - Vampiric Draining              Necromancy                   3
   f - Control Undead                 Necromancy                   4
Miscellaneous
 B - a lamp of fire
Comestibles
 h - 3 meat rations


   Skills:
 - Level 11.1(10.7) Fighting
   Level 1.0(9.1) Axes
 * Level 13.3(12.8) Maces & Flails
 - Level 18.8(18.3) Crossbows
 - Level 11.0(10.5) Armour
 - Level 9.0(8.6) Dodging
 - Level 1.1(0.7) Stealth
 - Level 1.0(0.6) Evocations


You had 3 spell levels left.
You knew the following spells:

 Your Spells              Type           Power        Failure   Level  Hunger
a - Blink                 Tloc           N/A          34%         2    ###....
b - Passage of Golubria   Tloc           N/A          93%         4    #####..
c - Lesser Beckoning      Tloc           #.........   56%         3    ####...
d - Regeneration          Chrm/Necr      #.........   56%         3    ####...


Dungeon Overview and Level Annotations

Branches:
Dungeon (15/15)            Temple (0/1) D:6            Lair (6/6) D:10
  Swamp (0/4) Lair:3        Snake (4/4) Lair:2        Slime (0/5) Lair:6
    Orc (2/2) D:11            Elf (3/3) Orc:2        Depths (0/5) D:15
 Vaults: D:13-14

Altars:
Ashenzari
Dithmenos
Fedhas
Gozag
Makhleb
Okawaru
Qazlal
Sif Muna
Trog
Uskayaw
Vehumet
Xom
Yredelemnul
The Shining One
Beogh

Shops:
D:8 (   D:11 *   D:14 (   Orc:1 ?   Orc:2 :[?!(   Elf:1 *   Lair:1 [   Lair:2 [
Snake:1 ([

Annotations:
D:4 Dowan, Duvessa
D:7 Joseph
Lair:1 Nergalle
Lair:5 Nessos
Elf:1 Asterion


Innate Abilities, Weirdness & Mutations

You are small and have problems with some larger weapons.
You are somewhat resistant to further mutation.


Message History

Unknown command.
You closely miss the deep elf annihilator.
Your transformation is almost over.
The deep elf annihilator is empowered by something's aura!
The deep elf annihilator is distracted by the nearby gold.
Unknown command.
You puncture the deep elf annihilator! You burn the deep elf annihilator.
The deep elf annihilator is no longer distracted by gold.
The deep elf annihilator is lightly wounded.
Unknown command.
You impale the deep elf annihilator!! You burn the deep elf annihilator.
The deep elf annihilator is heavily wounded.
The deep elf annihilator hits you but does no damage.
Unknown command.
You barely miss the deep elf annihilator.
The deep elf annihilator is heavily wounded.
The deep elf annihilator gestures at you while chanting.
Helpless, you fail to dodge the iron shot.
You die...
Your body crumbles into a pile of gold.

****,,,,,4..,,,,,****
***,,,...,,,*** ***,e..,***
*##.##* ##...## ## #.....#
#.# # #.....# #.# ## ###e###
#.###) #.e#♣# #.#.# ##.#e##
#.## #######..##.# ##.#
#.......## #.# ##### ##.
#.......# #.# ###...### ##
#.......# #.##.......####
#...8...#######.#.......'..'
#.......'.......'...8...####
#.......#########.......# #


You could see a deep elf annihilator.

Vanquished Creatures
  Kirke (Elf:1)
  2 orc warlords
  A deep elf demonologist (Elf:3)
  4 deep elf annihilators
  4 deep elf death magi
  2 crystal guardians (Elf:3)
  3 ettins
  A deep elf high priest (Elf:3)
  4 ogre magi (Orc:2)
  Erolcha (Orc:2)
  2 hydras
  4 centaur warriors
  17 two-headed ogres
  A tengu warrior (D:14)
  An orc high priest (Orc:1)
  A deep elf knight (Elf:1)
  A shock serpent (Snake:4)
  A salamander mystic (Volcano)
  A hell knight (Volcano)
  2 unseen horrors
  4 large abominations (Elf:1)
  A naga ritualist (Snake:1)
  4 deep elf archers
  3 orc knights
  A necromancer (Elf:1)
  18 deep elf magi
  2 orc sorcerers
  2 mana vipers (Snake:1)
  15 ugly things
  7 salamanders
  A moth of wrath (shapeshifter) (D:15)
  A manticore (D:15)
  A black mamba (shapeshifter) (Elf:1)
  15 black mambas
  4 spiny frogs
  2 centaur skeletons
  A torpor snail (Lair:6)
  A gargoyle (D:11)
  4 komodo dragons
  2 freezing wraiths (D:15)
  A yaktaur (D:15)
  A tengu conjurer (D:14)
  8 trolls
  Prince Ribbit (D:7)
  5 blink frogs
  A harpy skeleton (D:15)
  Grinder (D:4)
  4 hippogriffs
  A blink frog (shapeshifter) (Elf:2)
  3 shadows
  3 wyverns (D:15)
  2 air elementals
  Sigmund (D:6)
  3 basilisks
  5 fire bats (Volcano)
  33 yaks
  3 fire elementals
  4 hungry ghosts
  7 vampire mosquitoes
  3 wargs (Orc:2)
  Edmund (D:4)
  7 nagas
  A soldier ant (shapeshifter) (D:14)
  2 acid dragons
  8 water moccasins
  5 hell hounds (Lair:6)
  6 porcupines
  A floating eye (Lair:6)
  2 eyes of draining
  24 orc warriors
  A black bear (shapeshifter) (Elf:1)
  11 ice beasts
  A black bear (D:9)
  A phantom (D:8)
  37 ogres
  25 centaurs
  A sky beast (D:9)
  9 wolves (Lair:3)
  11 crocodiles
  3 big kobolds
  11 bullfrogs
  2 earth elementals
  9 killer bees
  6 scorpions
  12 wights
  4 howler monkeys (D:8)
  4 crimson imps
  5 centaur zombies
  A quasit (D:10)
  2 lava snakes (Lair:6)
  18 orc priests
  2 bullfrog skeletons
  A hound (D:7)
  5 jellies
  25 orc wizards
  3 iguanas
  8 worker ants
  2 hound skeletons
  A worker ant zombie (D:9)
  6 gnolls
  12 adders
  2 shadow imps
  An ooze (D:2)
  An adder skeleton (D:8)
  2 adder zombies
  5 worms
  A dart slug (D:2)
  9 leopard geckos
  92 orcs
  7 giant cockroaches
  12 goblins
  8 hobgoblins
  10 jackals
  16 kobolds
  5 quokkas
  A ball python skeleton (D:4)
  9 bats
  4 frilled lizards
  A leopard gecko skeleton (D:6)
  2 leopard gecko zombies (D:7)
  3 quokka skeletons
  A quokka zombie (D:7)
  5 rats
  A bush (D:8)
  A plant (Lair:2)
728 creatures vanquished.

Vanquished Creatures (collateral kills)
  An eye of devastation (Lair:2)
1 creature vanquished.

Vanquished Creatures (others)
  3 dancing weapons
  A komodo dragon (Lair:6)
  3 humans (Elf:1)
  A centaur (D:15)
  4 fungi (Lair:6)
  22 plants
34 creatures vanquished.

Grand Total: 763 creatures vanquished

Notes
Turn   | Place    | Note
-------+----------+-------------------------------------------
     0 | D:1      | 4thArraOfDagon the Halfling Wanderer began the quest for the Orb.
     0 | D:1      | 4thArraOfDagon set off with: a +2 hand crossbow, 25 bolts, a +0 hand axe, a potion of curing, a +0 robe, a bread ration
     0 | D:1      | Reached XP level 1. HP: 14/14 MP: 1/1
   442 | D:3      | Reached XP level 2. HP: 18/19 MP: 2/2
   521 | D:3      | Found a shattered altar of Ashenzari.
   534 | D:3      | Found a shimmering altar of Xom.
   534 | D:3      | Found a blossoming altar of Fedhas.
   534 | D:3      | Found an opulent altar of Gozag.
   536 | D:3      | Found a shadowy altar of Dithmenos.
   558 | D:3      | Became a worshipper of Gozag Ym Sagoz the Greedy
   605 | D:2      | Reached skill level 5 in Crossbows
   630 | D:2      | Reached XP level 3. HP: 24/24 MP: 3/3
   864 | D:2      | Reached XP level 4. HP: 29/29 MP: 4/4
  1054 | D:1      | Reached skill level 6 in Crossbows
  2081 | D:3      | Reached XP level 5. HP: 33/35 MP: 5/5
  2179 | D:3      | Found a deep blue altar of Sif Muna.
  2180 | D:3      | Found a hide-covered altar of Uskayaw.
  2332 | D:3      | Noticed a phantom
  2557 | D:4      | Learned a level 2 spell: Blink
  2639 | D:4      | Noticed Dowan
  2773 | D:4      | Noticed Grinder
  2826 | D:4      | Noticed an ogre
  2843 | D:4      | Reached XP level 6. HP: 19/43 MP: 6/6
  3067 | D:4      | Killed Grinder
  3067 | D:4      | Reached skill level 5 in Fighting
  3067 | D:4      | Reached XP level 7. HP: 47/50 MP: 7/7
  3326 | D:4      | Noticed Duvessa
  3330 | D:5      | Entered Level 5 of the Dungeon
  3474 | D:6      | Found a burning altar of Makhleb.
  3589 | D:6      | Noticed Sigmund
  3599 | D:6      | Killed Sigmund
  3599 | D:6      | Reached skill level 1 in Dodging
  3599 | D:6      | Reached XP level 8. HP: 52/58 MP: 8/8
  3819 | D:6      | Found a staircase to the Ecumenical Temple.
  4180 | D:4      | Noticed Edmund
  4220 | D:4      | Killed Edmund
  4834 | D:5      | Found a basalt altar of Yredelemnul.
  4834 | D:5      | Found a stormy altar of Qazlal.
  4964 | D:7      | Noticed Prince Ribbit
  4977 | D:7      | Killed Prince Ribbit
  4977 | D:7      | Reached XP level 9. HP: 39/64 MP: 9/9
  5082 | D:7      | Got a pair of translucent gloves
  5088 | D:7      | Identified the +4 pair of gloves "Docla" {+Blink rElec} (You found it on level 7 of the Dungeon)
  5234 | D:7      | Noticed Joseph
  5267 | D:8      | Noticed a two-headed ogre
  5517 | D:8      | Reached skill level 5 in Armour
  5517 | D:8      | Reached skill level 5 in Dodging
  5650 | D:8      | Found an iron altar of Okawaru.
  5650 | D:8      | Found a bloodstained altar of Trog.
  5650 | D:8      | Found a radiant altar of Vehumet.
  5906 | D:8      | Learned a level 4 spell: Passage of Golubria
  5934 | D:8      | Bought a bloodstained eveningstar for 520 gold pieces
  5934 | D:8      | Identified the cursed +2 eveningstar of Eternal War {flame, rElec Dex+4 Stlth-} (You bought it in a shop on level 8 of the Dungeon)
  5936 | D:8      | :(
  5981 | D:7      | Found a glowing golden altar of the Shining One.
  6394 | D:8      | Reached XP level 10. HP: 66/73 MP: 10/10
  6455 | D:8      | Killed a two-headed ogre
  6840 | D:8      | Got a shimmering robe
  6944 | D:8      | Bought a dazzling arbalest for 247 gold pieces
  6944 | D:8      | Identified the +6 arbalest of Kerfluffle {freeze, rC+ rN+ Str+3 Int+2} (You bought it in a shop on level 8 of the Dungeon)
  7042 | D:10     | Entered Level 10 of the Dungeon
  7049 | D:10     | Noticed a komodo dragon
  7057 | D:10     | Killed a komodo dragon
  7114 | D:10     | Found a flagged portal.
  7128 | Bailey   | Entered a bailey
  7298 | D:11     | Found a staircase to the Orcish Mines.
  7339 | D:11     | Found a labyrinth entrance.
  7346 | Lab      | Entered a labyrinth
  7376 | Lab      | let it be good
  7376 | Lab      | plox
  7854 | Lab      | Noticed a minotaur
  7879 | D:11     | :(
  7881 | D:11     | :)
  7914 | D:11     | Identified the +0 robe of the Hot Ocelot {rF+++ MP+9 Str-2 Dex+4} (You found it on level 8 of the Dungeon)
  7957 | D:11     | Reached skill level 7 in Crossbows
  8003 | D:11     | Noticed an orc knight
  8282 | D:11     | Reached skill level 10 in Fighting
  8283 | D:11     | Noticed a gargoyle
  8301 | D:11     | Reached skill level 8 in Crossbows
  8301 | D:11     | Reached XP level 11. HP: 81/81 MP: 11/11
  8599 | D:10     | Reached skill level 9 in Crossbows
  8747 | D:9      | Reached skill level 10 in Crossbows
  9415 | D:9      | Reached skill level 11 in Crossbows
  9596 | D:10     | Found a staircase to the Lair.
  9868 | D:10     | Reached skill level 12 in Crossbows
 10343 | D:11     | Noticed a centaur warrior
 10497 | D:12     | Noticed a purple ugly thing
 10507 | D:12     | Killed a purple ugly thing
 10619 | D:12     | Killed an unseen horror
 10619 | D:12     | Reached XP level 12. HP: 36/87 MP: 12/12
 10854 | D:13     | Noticed a two-headed ogre
 10859 | D:13     | Killed a two-headed ogre
 10859 | D:13     | Reached skill level 13 in Crossbows
 10897 | D:13     | Noticed a skeletal warrior
 10897 | D:13     | Noticed a skeletal warrior
 11395 | D:13     | Noticed a two-headed ogre
 11398 | D:13     | Killed a two-headed ogre
 11398 | D:13     | Reached skill level 14 in Crossbows
 11692 | Orc:1    | Entered Level 1 of the Orcish Mines
 11692 | Orc:1    | Noticed an ettin
 11692 | Orc:1    | Noticed an orc warlord
 11693 | Orc:1    | WHY
 11716 | D:11     | Killed an ettin
 11742 | D:11     | Bought a warped granite ring for 165 gold pieces
 11742 | D:11     | Bought a scroll of identify for 66 gold pieces
 11742 | D:11     | Bought a scroll labeled RIDIDWOBUG for 33 gold pieces
 11742 | D:11     | Identified the ring "Xakh" {Ice *Corrode +Fly Str+4} (You bought it in a shop on level 11 of the Dungeon)
 11758 | D:11     | Learned a level 3 spell: Lesser Beckoning
 12091 | D:11     | Killed an orc warlord
 12091 | D:11     | Reached skill level 15 in Crossbows
 12501 | D:11     | Killed a centaur warrior
 12698 | D:11     | Noticed a two-headed ogre
 12699 | D:11     | Killed a two-headed ogre
 12699 | D:11     | Reached XP level 13. HP: 70/92 MP: 13/13
 12801 | D:11     | Reached skill level 16 in Crossbows
 13098 | D:11     | Found a roughly hewn altar of Beogh.
 13706 | Orc:1    | Found Vonasycs's Magic Scroll Boutique.
 14049 | Orc:1    | Noticed an orc warlord
 14066 | Orc:1    | Killed an orc warlord
 14066 | Orc:1    | Reached skill level 17 in Crossbows
 14075 | Orc:1    | HP: 1/138 [orc priest/divine providence (10)]
 14094 | Orc:1    | HP: 6/138 [orc priest/divine providence (11)]
 14418 | Orc:1    | Found a shimmering altar of Xom.
 14724 | Orc:1    | Noticed an ettin
 14730 | Orc:1    | Killed an ettin
 14776 | Orc:1    | Bought a scroll of fog for 36 gold pieces
 14776 | Orc:1    | Bought a scroll of teleportation for 54 gold pieces
 14800 | Orc:2    | Entered Level 2 of the Orcish Mines
 14850 | Orc:2    | Noticed Erolcha
 14862 | Orc:2    | Killed Erolcha
 15135 | Orc:2    | Found Bioxt's Book Shop.
 15200 | Orc:2    | Found a staircase to the Elven Halls.
 15363 | Orc:2    | Reached skill level 18 in Crossbows
 15778 | Orc:2    | Noticed an ogre mage
 15781 | Orc:2    | Killed an ogre mage
 15865 | Orc:2    | Reached XP level 14. HP: 18/99 MP: 14/14
 16775 | Orc:2    | Found Vilol's Magic Scroll Shop.
 16775 | Orc:2    | Found Oploet's Antique Armour Emporium.
 16909 | Orc:2    | Found Vopt's Distillery.
 16909 | Orc:2    | Found Vopelipp's Antique Weapon Shoppe.
 16925 | Orc:2    | Bought a scroll of blinking for 112 gold pieces
 16925 | Orc:2    | Bought a scroll of magic mapping for 52 gold pieces
 16926 | Orc:2    | Bought a runed lajatang for 450 gold pieces
 16929 | Orc:2    | Bought a potion of curing for 36 gold pieces
 16929 | Orc:2    | Bought a potion of curing for 36 gold pieces
 16929 | Orc:2    | Bought a potion of magic for 96 gold pieces
 16929 | Orc:2    | Bought a potion of flight for 36 gold pieces
 16929 | Orc:2    | Bought a potion of invisibility for 96 gold pieces
 16929 | Orc:2    | Bought a potion of ambrosia for 96 gold pieces
 16929 | Orc:2    | Bought a potion of brilliance for 48 gold pieces
 16929 | Orc:2    | Bought a potion of degeneration for 12 gold pieces
 16929 | Orc:2    | Bought a potion of curing for 36 gold pieces
 17071 | Lair:1   | Entered Level 1 of the Lair of Beasts
 17213 | Lair:1   | Bought a pair of ancient gloves for 275 gold pieces
 17213 | Lair:1   | Bought an embroidered cloak for 217 gold pieces
 17228 | Lair:1   | Identified the +2 pair of gloves "Kunuiw" {rC+} (You bought it in a shop on level 1 of the Lair of Beasts)
 17253 | Lair:1   | NO WEAPON
 17543 | Lair:2   | Noticed Urug
 17881 | Lair:2   | Found a staircase to the Snake Pit.
 17883 | Lair:2   | You fall through a shaft for 2 floors!
 17923 | Lair:6   | Entered Level 6 of the Lair of Beasts
 18000 | Lair:6   | Reached skill level 10 in Armour
 18038 | Lair:6   | RIP
 18076 | Lair:6   | HP: 4/99 [lindwurm/blast of flame (13)]
 18096 | Lair:6   | HP: 3/99 [lindwurm/blast of flame (15)]
 18098 | Lair:6   | Paralysed by a floating eye for 2 turns
 18410 | Lair:6   | Found a dark tunnel.
 18415 | Volcano  | Entered a volcano
 18432 | Volcano  | CHANGE
 18432 | Volcano  | ???
 18607 | Volcano  | Found a burning altar of Makhleb.
 18642 | Volcano  | Found a radiant altar of Vehumet.
 18675 | Volcano  | Got a distressingly furry helmet
 18718 | Volcano  | Identified the +2 helmet of Ru's Reproof {*Corrode +Blink rC+} (You found it in a volcano)
 18718 | Volcano  | :?
 19004 | Lair:5   | Noticed Nessos
 19006 | Lair:5   | Noticed Nessos
 19006 | Lair:5   | Nessos changed into Nessos the shock serpent
 19538 | Lair:3   | Found a staircase to the Swamp.
 19548 | Lair:3   | have to start pumping weapon
 19548 | Lair:3   | lets take the most universal one
 19813 | Lair:2   | Reached XP level 15. HP: 106/106 MP: 15/15
 19845 | Lair:2   | Reached skill level 1 in Maces & Flails
 20111 | Lair:3   | Noticed Nergalle
 20206 | Lair:2   | Noticed Urug
 20206 | Lair:2   | Urug changed into Urug the eye of devastation
 20215 | Lair:2   | Killed Urug the eye of devastation
 20919 | Elf:1    | Entered Level 1 of the Elven Halls
 21365 | Orc:2    | WHERE TO GO
 21640 | D:14     | USELSS
 21682 | D:15     | Entered Level 15 of the Dungeon
 21689 | D:14     | Reached skill level 5 in Maces & Flails
 21850 | D:14     | Found Xoplutoc's Weapon Shop.
 22104 | D:15     | Paralysed by an orc sorcerer for 4 turns
 22644 | D:15     | Found a staircase to the Depths.
 23809 | Elf:1    | Found a radiant altar of Vehumet.
 23811 | Elf:1    | Noticed Kirke
 23846 | Elf:1    | Killed Kirke
 23846 | Elf:1    | Reached XP level 16. HP: 86/112 MP: 16/16
 24018 | Elf:2    | Reached skill level 10 in Maces & Flails
 24029 | Elf:3    | Entered Level 3 of the Elven Halls
 24340 | Elf:1    | :(
 24558 | Elf:1    | Noticed Asterion
 25014 | Elf:1    | Identified the Papyrus of Sinister Secrets
 25020 | Elf:1    | Learned a level 3 spell: Regeneration
 25243 | Snake:1  | Entered Level 1 of the Snake Pit
 25846 | Snake:1  | Identified a scroll of acquirement
 25869 | Snake:1  | THIS IS A CHANCE!
 25886 | Snake:1  | WASTED
 25888 | Snake:1  | WASTED^2
 25888 | Snake:1  | Bought the +2 hat of the Bear Spirit {Spirit, +Rage rN+ MR++} for 586 gold pieces
 25888 | Snake:1  | Found the +2 hat of the Bear Spirit {Spirit, +Rage rN+ MR++}
 26222 | Snake:4  | Entered Level 4 of the Snake Pit
 27378 | Elf:3    | HP: 3/112 [crystal guardian (11)]
 27770 | Elf:3    | THIS IS WORST ENDING
 27770 | Elf:3    | BUT NO CHOICE :(
 28132 | Elf:3    | Killed from afar by a deep elf annihilator

Vault maps used:
D:1:      mainiacjoe_arrival_reflecting_pool, minivault_19,
          serial_bayou_crossing
D:2:      minmay_splitting_lines
D:3:      minitemple, lemuel_round_altar, grunt_temple_overflow_open,
          first_bread
D:4:      corexii_mini_fake_secret_closet, uniq_duvessa, uniq_edmund,
          uniq_crazy_yiuf_cottage, uniq_grinder
D:5:      gammafunk_temple_overflow_wave
D:6:      minmay_temple_entry_hall, bloody_makhleb, uniq_sigmund
D:7:      basic_altar, uniq_joseph, uniq_prince_ribbit1
D:8:      gammafunk_temple_overflow_forgotten
D:10:     minmay_lair_entry_grove, lightli_bailey_entry_fortress
D:11:     orc_0_dummy, lab_entry_generic, portal_ice_cave_entry_ice_beasts
D:12:     hangedman_ranch
D:14:     david_vaults_4, corexii_hall_statues_t, serial_shops, kennysheep_mini
D:15:     hangedman_depths_entry_civil_slaughter, minmay_misc_feat_five
Lair:2:   guppyfry_snake_entry_garden, serial_bayou_lagoon_a, uniq_urug
Lair:3:   swamp_mist, uniq_nergalle
Lair:4:   lemuel_fruit_tree
Lair:5:   minmay_guarded_unrand_snakebite, uniq_nessos
Lair:6:   cheibrodos_lair_end_hotspot, slime_altar_1, enter_volcano_1,
          hibernation_bobbens
Snake:1:  serial_bayou_pond_a, spider_trap, serial_bayou_lagoon_b
Snake:2:  serial_curves, eino_curves_03, eino_curves_01, abandoned_shop,
          uniq_aizul
Snake:3:  minmay_shoptagon
Snake:4:  grunt_snake_rune_spirals, serial_shops, nicolae_shop_waterfront,
          serial_bayou_pond_a, grunt_ministairs_13
Orc:1:    special_room, serial_shops, nicolae_shop_waterfront, basic_altar
Orc:2:    st_orc_ogre_mass, serial_shops, nicolae_shop_stone, uniq_erolcha
Elf:1:    eino_elf_arrival_altar, serial_shops, shop, minmay_elf_necromancy,
          uniq_asterion, uniq_kirke
Elf:3:    minmay_elf_hall_golems
Lab:      lab_block, nicolae_lab_arrow, lab_statue, nicolae_lab_blocks,
          nicolae_lab_hexagon, nicolae_lab_grate
Bailey:   bailey_polearm_5, bailey
Volcano:  volcano_grotto

Skill      XL: |  1  2  3  4  5  6  7  8  9 10 11 12 13 14 15 16 |
---------------+-------------------------------------------------+-----
Crossbows      | 5 6 8 12 15 18 | 18.8
Fighting       | 2 3 5 6 7 8 10 11 | 11.1
Armour         | 2 4 6 8 10 11 | 11.0
Dodging        | 1 4 6 9 |  9.0
Maces & Flails | 9 13 | 13.3
Axes           | |  1.0
Stealth        | |  1.1
Evocations     | |  1.0

Action                   |  1- 3 |  4- 6 |  7- 9 | 10-12 | 13-15 | 16-18 || total
-------------------------+-------+-------+-------+-------+-------+-------++-------
Melee: Hand axe          |    39 |    24 |       |       |       |       ||    63
       Short sword       |       |   130 |    42 |       |       |       ||   172
       Eveningstar       |       |       |    54 |   480 |   847 |   371 ||  1752
       Lajatang          |       |       |       |       |   416 |       ||   416
       Unarmed           |       |       |       |       |     2 |       ||     2
 Fire: Hand crossbow     |    32 |    35 |   258 |    10 |       |       ||   335
       Arbalest          |       |       |       |   151 |   318 |   117 ||   586
Throw: Tomahawk          |       |       |       |       |     5 |       ||     5
Invok: Call Merchant     |       |       |     1 |     1 |     1 |     3 ||     6
       Potion Petition   |       |       |       |     1 |     2 |       ||     3
 Abil: Evoke Blink       |       |       |       |    12 |     5 |       ||    17
Evoke: Wand              |       |       |    16 |     5 |    48 |    13 ||    82
       Lamp of fire      |       |       |       |       |     1 |       ||     1
  Use: Scroll            |       |     5 |     5 |    18 |    13 |     4 ||    45
       Potion            |       |       |     1 |     5 |    20 |     5 ||    31
 Stab: Sleeping          |       |     1 |       |       |       |       ||     1
       Distracted        |       |       |     1 |     1 |     6 |       ||     8
       Confused          |       |       |       |       |     4 |       ||     4
       Invisible         |       |       |       |       |     2 |       ||     2
       Petrifying        |       |       |       |       |     1 |       ||     1
       Petrified         |       |       |       |       |     1 |       ||     1
  Eat: Fruit             |       |     2 |       |     4 |     9 |     1 ||    16
       Royal jelly       |       |     1 |       |     1 |     3 |     5 ||    10
       Bread ration      |       |     1 |     2 |     1 |     2 |     1 ||     7
       Meat ration       |       |       |       |     4 |     4 |     1 ||     9
Armor: Robe              |    23 |     2 |       |   155 |    42 |       ||   222
       Scale mail        |       |    41 |    72 |    49 |       |       ||   162
       Skin              |       |       |    12 |       |    14 |     1 ||    27
       Plate armour      |       |       |       |   102 |  1353 |   302 ||  1757
Dodge: Dodged            |    59 |    70 |   179 |   720 |   930 |   168 ||  2126

Table legend:
 A = Spawn XP
 B = Non-spawn XP
 C = Spawn XP percentage of total XP
 D = Spawn monster count
 E = Non-spawn monster count
 F = Spawn count percentage of total count
 G = Total turns spent on level
                    A         B        C        D         E        F      G
               +---------+---------+-------+---------+---------+-------+---------
         Total |   10407 |  139152 |   7.0 |      95 |     636 |  13.0 | 28132
               +---------+---------+-------+---------+---------+-------+---------
           D:1 |       8 |       9 |  47.1 |       4 |       5 |  44.4 |   557
           D:2 |       4 |      76 |   5.0 |       2 |      25 |   7.4 |   827
           D:3 |       6 |      60 |   9.1 |       3 |      19 |  13.6 |  1018
           D:4 |      21 |     679 |   3.0 |       3 |      13 |  18.8 |  1178
           D:5 |      15 |     330 |   4.3 |       2 |      20 |   9.1 |   644
           D:6 |     118 |     565 |  17.3 |       3 |      13 |  18.8 |   730
           D:7 |      13 |     856 |   1.5 |       1 |      19 |   5.0 |   695
           D:8 |     331 |    2547 |  11.5 |       3 |      37 |   7.5 |  1109
           D:9 |       3 |    2384 |   0.1 |       1 |      19 |   5.0 |  1215
          D:10 |     736 |    4174 |  15.0 |      13 |      49 |  21.0 |  1449
          D:11 |    2662 |    9109 |  22.6 |      15 |      69 |  17.9 |  2874
          D:12 |     140 |    4350 |   3.1 |       8 |      24 |  25.0 |  1227
          D:13 |       0 |    3919 |   0.0 |       0 |       7 |   0.0 |   343
          D:14 |      72 |    6189 |   1.1 |       1 |      23 |   4.2 |   811
          D:15 |    1422 |   17041 |   7.7 |       8 |      50 |  13.8 |  1134
        Lair:1 |     243 |    3268 |   6.9 |       1 |      17 |   5.6 |   709
        Lair:2 |     137 |    4388 |   3.0 |       1 |      20 |   4.8 |  1195
        Lair:3 |     787 |    1865 |  29.7 |       6 |      11 |  35.3 |   493
        Lair:4 |       0 |     351 |   0.0 |       0 |       2 |   0.0 |   461
        Lair:5 |     157 |     444 |  26.1 |       1 |       1 |  50.0 |   297
        Lair:6 |       0 |    4244 |   0.0 |       0 |      22 |   0.0 |   527
       Snake:1 |       0 |    4584 |   0.0 |       0 |      11 |   0.0 |   553
       Snake:2 |       0 |    1083 |   0.0 |       0 |       3 |   0.0 |   461
       Snake:3 |       0 |     157 |   0.0 |       0 |       1 |   0.0 |    27
       Snake:4 |       0 |    3662 |   0.0 |       0 |       7 |   0.0 |   449
         Orc:1 |    1075 |    5109 |  17.4 |       1 |      42 |   2.3 |  1288
         Orc:2 |    2457 |   19109 |  11.4 |      18 |      47 |  27.7 |  2453
         Elf:1 |       0 |   16190 |   0.0 |       0 |      26 |   0.0 |  1140
         Elf:2 |       0 |     865 |   0.0 |       0 |       2 |   0.0 |    72
         Elf:3 |       0 |   16431 |   0.0 |       0 |      20 |   0.0 |  1346
       Volcano |       0 |    5114 |   0.0 |       0 |      12 |   0.0 |   307
               +---------+---------+-------+---------+---------+-------+---------
